 Dungeon Crawl Stone Soup version 0.21-a0-70-g32e1473 (console) character file.

5058 removed the Zephyrmancer (level 10, -3/69 HPs)
             Began as a Demigod Air Elementalist on June 18, 2017.
             Slain by an orc warrior
             ... wielding a +2 battleaxe of chopping
              (5 damage)
             ... on level 8 of the Dungeon.
             The game lasted 00:27:21 (11238 turns).

removed the Zephyrmancer (DgAE)                    Turns: 11238, Time: 00:27:22

Health: -3/69      AC:  8    Str: 11    XL:     10   Next: 10%
Magic:  1/24       EV: 12    Int: 25    God:
Gold:   351        SH:  0    Dex: 16    Spells: 3/23 levels left

rFire    . . .     SeeInvis .   a - +2 short sword (protect)
rCold    . . .     Gourm    .   (no shield)
rNeg     . . .     Faith    .   B - +0 robe
rPois    .         Spirit   .   z - +0 helmet
rElec    .         Reflect  .   A - +2 cloak
rCorr    .         Harm     .   I - +1 pair of gloves
MR       ++...                  (no boots)
Stlth    ++........             (no amulet)
HPRegen  0.21/turn              W - ring of protection from magic
MPRegen  0.19/turn              (no ring)

@: very slightly contaminated
A: high mp 1
a: no special abilities


You were on level 8 of the Dungeon.
You were near starving.

You visited 1 branch of the dungeon, and saw 8 of its levels.
You also visited: Ossuary.

You collected 571 gold pieces.
You spent 220 gold pieces at shops.

Inventory:

Hand Weapons
 a - a +2 short sword of protection (weapon)
 b - a +3 blowgun
 p - a +0 spear
 v - a +2 dagger of holy wrath
 Q - a +2 whip of freezing
 Y - a +2 long sword of freezing
 Z - a +2 dagger of venom
Missiles
 f - 6 javelins (quivered)
 U - 31 poisoned needles
Armour
 z - a +0 helmet (worn)
 A - a +2 cloak (worn)
 B - a +0 robe (worn)
 I - a +1 pair of gloves (worn)
Jewellery
 K - an uncursed ring of positive energy
 W - a ring of protection from magic (left hand)
Wands
 D - a wand of digging (12/24)
 E - a wand of paralysis (13/24)
 F - a wand of digging (14/24)
 R - a wand of random effects (33/48)
 S - a wand of lightning (3/15)
Scrolls
 k - 5 scrolls of enchant armour
 y - 6 scrolls of teleportation
 N - a scroll of enchant weapon {unknown}
 O - a scroll of noise {unknown}
 T - a scroll of recharging {unknown}
 X - a scroll of fog {unknown}
Potions
 g - a potion of invisibility
 j - 3 potions of lignification
 n - 3 potions of magic
 r - a potion of brilliance
 s - 4 potions of curing {unknown}
 t - a potion of degeneration {unknown}
 u - 5 potions of heal wounds
 w - 4 potions of berserk rage
 C - 2 potions of flight {unknown}
 J - a potion of resistance {unknown}
 L - a potion of cancellation {unknown}
 M - a potion of might {unknown}
 P - a potion of agility {unknown}
 V - a potion of haste {unknown}
Books
 x - a book of Minor Magic

   Spells                             Type                      Level
   a - Magic Dart                     Conjuration                  1
   b - Blink                          Translocation                2
   c - Call Imp                       Summoning                    2
   d - Slow                           Hexes                        2
   e - Conjure Flame                  Conjuration/Fire             3
   f - Mephitic Cloud                 Conjuration/Poison/Air       3
 G - a book of Air

   Spells                             Type                      Level
   a - Shock                          Conjuration/Air              1
   b - Swiftness                      Charms/Air                   2
   c - Static Discharge               Conjuration/Air              3
   d - Airstrike                      Air                          4
   e - Lightning Bolt                 Conjuration/Air              5
 H - a book of Geomancy

   Spells                             Type                      Level
   a - Sandblast                      Earth                        1
   b - Passwall                       Transmutation/Earth          2
   c - Stone Arrow                    Conjuration/Earth            3
   d - Petrify                        Transmutation/Earth          4
   e - Lee's Rapid Deconstruction     Earth                        5
Comestibles
 c - 7 bread rations
 m - 5 royal jellies
 q - 2 meat rations


   Skills:
 - Level 1.7 Dodging
 - Level 1.7 Stealth
 - Level 7.0 Spellcasting
 - Level 7.0 Conjurations
 + Level 4.5 Translocations
 - Level 9.0 Air Magic


You had 3 spell levels left.
You knew the following spells:

 Your Spells              Type           Power        Failure   Level  Hunger
a - Shock                 Conj/Air       ####         1%          1    None
b - Static Discharge      Conj/Air       #####...     1%          3    None
c - Airstrike             Air            ######....   1%          4    ###....
d - Lightning Bolt        Conj/Air       #####.....   7%          5    #####..
l - Blink                 Tloc           N/A          1%          2    None
m - Mephitic Cloud        Conj/Pois/Air  #####...     2%          3    None
s - Swiftness             Chrm/Air       ####....     1%          2    None


Dungeon Overview and Level Annotations

Branches:
Dungeon (8/15)             Temple (0/1) D:4            Lair (0/6) D:8

Shops:
D:6 :

Annotations:
D:8 exclusion: two-headed ogre


Innate Abilities, Weirdness & Mutations

You have an increased reservoir of magic. (+10% MP)


Message History

Casting: Shock
Confirm with . or Enter, or press ? or * to list all spells.
Aiming: Shock
Press: ? - help, Shift-Dir - straight line The zap hits the orc warrior.
The orc warrior is almost dead.
The zap hits the orc.
The orc is severely wounded.
The zap hits the orc.
You kill the orc!
The orc priest calls upon Beogh to heal the orc warrior.
The orc warrior is healed somewhat.
The orc warrior barely misses you.
The orc priest looks encouraged for a moment.
Press: ? - help, v - describe, . - travel
Here: an orc warrior, wielding a battleaxe of chopping and wearing a plate armour (severely wounded)
The floor, spattered with blood.
There is a stone staircase leading up here.
The orc warrior hits you with a battleaxe of chopping!!
* * * LOW HITPOINT WARNING * * *
You die...

....#.#...≈...#..#....
######..#...#..#.......
#.##P.P##.#>..#...
#......P..#.......
#≈...>...≈#.##.#..
#..P..PP..#.# .# .
#.##.o.##.#.# .
###..#.oo#..#.# #
#..#...≈..)#o@#
#.....###.o...#
#.............#
#....#####....# ##..##
#....# #.## #....# #/#
#....# #.# ##.#####
#.##### #.....#


You could see an orc warrior and an orc priest.

Vanquished Creatures
  A two-headed ogre (D:8)
  Pikel (D:5)
  4 hippogriffs
  A wyvern (D:8)
  Sigmund (D:4)
  A hungry ghost (D:8)
  Duvessa (D:4)
  2 orc warriors
  4 slaves (D:5)
  A necrophage (D:7)
  5 ogres
  2 big kobolds
  2 bullfrogs
  Dowan (D:4)
  A scorpion (D:8)
  A water moccasin skeleton (D:8)
  5 killer bees (D:7)
  4 crimson imps
  A jelly (D:6)
  Crazy Yiuf (D:7)
  5 orc wizards
  7 orc priests
  3 hounds
  2 bullfrog skeletons
  A centaur skeleton (D:6)
  An iguana (D:5)
  6 worker ants
  A hound zombie (D:7)
  9 mummies
  Robin (D:3)
  A gnoll (D:1)
  13 adders
  3 shadow imps
  An ooze (D:1)
  3 worms
  A dart slug (D:1)
  6 leopard geckos
  29 orcs
  5 bats
  6 giant cockroaches
  2 gnoll zombies (Ossuary)
  14 goblins
  12 hobgoblins
  12 jackals
  3 quokkas
  15 frilled lizards
  3 hobgoblin zombies
  21 kobolds
  2 kobold zombies
  A leopard gecko zombie (D:5)
  3 orc zombies (Ossuary)
  A quokka skeleton (D:5)
  6 rats
239 creatures vanquished.

Notes
Turn   | Place    | Note
-------+----------+-------------------------------------------
     0 | D:1      | removed the Demigod Air Elementalist began the quest for the Orb.
     0 | D:1      | Reached XP level 1. HP: 14/14 MP: 5/5
    26 | D:1      | Reached skill level 1 in Conjurations
   281 | D:1      | Reached XP level 2. HP: 20/20 MP: 5/7
  1309 | D:1      | Reached XP level 3. HP: 11/26 MP: 4/8
  1546 | D:1      | Learned a level 3 spell: Static Discharge
  1915 | D:1      | Reached skill level 3 in Air Magic
  2545 | D:3      | Reached XP level 4. HP: 30/33 MP: 1/9
  3140 | D:3      | Noticed Robin
  3151 | D:3      | Killed Robin
  3463 | D:3      | Learned a level 2 spell: Swiftness
  3466 | D:3      | Reached XP level 5. HP: 38/38 MP: 6/10
  3946 | D:4      | Found a staircase to the Ecumenical Temple.
  3957 | D:4      | Reached skill level 4 in Air Magic
  4360 | D:4      | Noticed Dowan
  4534 | D:4      | Noticed Duvessa
  4587 | D:4      | Killed Duvessa
  4587 | D:4      | Reached XP level 6. HP: 32/45 MP: 5/11
  4587 | D:4      | Killed Dowan
  4587 | D:4      | Reached skill level 5 in Air Magic
  4736 | D:4      | Reached skill level 5 in Conjurations
  5012 | D:4      | Noticed Sigmund
  5060 | D:4      | Killed Sigmund
  5060 | D:4      | Reached XP level 7. HP: 32/50 MP: 2/12
  5524 | D:5      | Entered Level 5 of the Dungeon
  5834 | D:5      | Found a sand-covered staircase.
  5841 | Ossuary  | Entered an ossuary
  6246 | D:5      | Learned a level 4 spell: Airstrike
  6273 | D:5      | Noticed Pikel
  6314 | D:5      | Killed Pikel
  6314 | D:5      | Reached skill level 5 in Spellcasting
  6314 | D:5      | Reached XP level 8. HP: 16/57 MP: 5/20
  7272 | D:5      | Reached skill level 6 in Air Magic
  7529 | D:6      | Found Semya's Book Shop.
  8854 | D:7      | Learned a level 5 spell: Lightning Bolt
  8867 | D:7      | Reached skill level 7 in Air Magic
  8915 | D:7      | Reached XP level 9. HP: 52/62 MP: 11/21
  9279 | D:7      | Reached skill level 8 in Air Magic
  9549 | D:7      | Found a runed door.
 10143 | D:7      | Noticed Crazy Yiuf
 10147 | D:7      | Killed Crazy Yiuf
 10195 | D:6      | Bought a book of Minor Magic for 220 gold pieces
 10198 | D:6      | Learned a level 2 spell: Blink
 10211 | D:7      | Reached skill level 9 in Air Magic
 10634 | D:8      | Learned a level 3 spell: Mephitic Cloud
 10648 | D:8      | Noticed a two-headed ogre
 10687 | D:8      | Reached skill level 1 in Translocations
 10936 | D:8      | Found a staircase to the Lair.
 11218 | D:8      | Killed a two-headed ogre
 11218 | D:8      | Reached XP level 10. HP: 48/69 MP: 0/24
 11238 | D:8      | HP: 2/69 [orc warrior/battleaxe of chopping (19)]
 11238 | D:8      | Slain by an orc warrior

Vault maps used:
D:1:      lightli_arrival_boilingwater
D:3:      uniq_robin
D:4:      temple_statues, first_bread, serial_bayou_pond_c,
          kennysheep_decorative_pillar, grunt_decor_resistance, uniq_sigmund,
          uniq_duvessa
D:5:      nicolae_ossuary_entry_giza, minivault_5, uniq_pikel
D:6:      serial_shops, shop
D:7:      uniq_crazy_yiuf_cottage
D:8:      dpeg_oklobed_lair
Ossuary:  ossuary_tomb_3

Skill      XL: |  1  2  3  4  5  6  7  8  9 |
---------------+----------------------------+-----
Conjurations   | 2 3 4 5 7 |  7.0
Air Magic      | 3 4 5 7 9 |  9.0
Spellcasting   | 5 7 |  7.0
Translocations | 4 |  4.5
Dodging        | |  1.7
Stealth        | |  1.7

Action                   |  1- 3 |  4- 6 |  7- 9 | 10-12 || total
-------------------------+-------+-------+-------+-------++-------
Melee: Unarmed           |     8 |       |       |       ||     8
       Dagger            |       |       |     7 |       ||     7
       Short sword       |       |       |     5 |       ||     5
Throw: Javelin           |     1 |       |       |       ||     1
 Cast: Shock             |   112 |   137 |   334 |     3 ||   586
       Static Discharge  |       |     3 |    21 |       ||    24
       Airstrike         |       |       |    11 |       ||    11
       Lightning Bolt    |       |       |     4 |     1 ||     5
  Use: Scroll            |     2 |     3 |    10 |       ||    15
       Potion            |       |     3 |       |       ||     3
  Eat: Chunk             |     6 |    10 |    15 |       ||    31
       Bread ration      |       |       |     1 |       ||     1
Armor: Robe              |     5 |     4 |    32 |       ||    41
Dodge: Dodged            |    32 |    33 |    67 |     4 ||   136
